 Dungeon Sprint DCSS version 0.21-a0-346-g330ab2c (webtiles) character file.

6300 Kidiri the Fighter (level 10, -4/156 HPs)
             Began as a Pale Draconian Berserker on Oct 5, 2017.
             Was the Champion of Trog.
             Slain by a tyrant leech (13 damage)
             ... in the Dungeon (Sprint III: "The Ten Rune Challenge").
             The game lasted 00:09:49 (1913 turns).

Kidiri the Fighter (Pale Draconian Berserker)       Turns: 1913, Time: 00:09:50

Health: -4/156     AC:  7    Str: 27    XL:     10   Next: 63%
Magic:  5/5        EV: 18    Int:  8    God:    Trog [******]
Gold:   35         SH:  0    Dex: 11    Spells: 9/9 levels left

rFire    . . .     SeeInvis .   i - +2 morningstar (antimagic)
rCold    . . .     Gourm    .   (no shield)
rNeg     . . .     Faith    .   (armour unavailable)
rPois    .         Spirit   .   (helmet restricted)
rElec    .         Reflect  .   (no cloak)
rCorr    .         Harm     .   (no gloves)
MR       .....     NoTele   +   (no boots)
Stlth    ..........             (no amulet)
HPRegen  0.36/turn              (no ring)
MPRegen  0.09/turn              (no ring)

@: berserking, very quick
A: breathe steam, unfitting armour, talons 1, mutation resistance 1,
cold-blooded, AC +7
a: Breathe Steam, Berserk, Trog's Hand, Brothers in Arms, Burn Spellbooks,
Renounce Religion


You were in the Dungeon.
You worshipped Trog.
Trog was exalted by your worship.
You were very hungry.

You visited 1 branch You collected 35 gold pieces.

Inventory:

Hand Weapons
 a - a +0 mace
 i - a +2 antimagic morningstar (weapon)
 t - a +2 antimagic short sword
 u - a +4 vampiric battleaxe
Missiles
 d - 15 silver tomahawks
 q - 9 javelins of returning (quivered)
 r - 3 poisoned javelins
 s - 5 needles of confusion
Wands
 j - a wand of scattershot (7/9)
Scrolls
 h - a scroll of blinking
 k - 2 scrolls of immolation {unknown}
 l - 2 scrolls of identify {unknown}
 m - a scroll of remove curse {unknown}
 p - a scroll of torment {unknown}
Potions
 c - 2 potions of curing
 e - 2 potions of haste
 f - 2 potions of magic
 g - 2 potions of berserk rage
 o - 2 potions of resistance {unknown}
Comestibles
 b - a bread ration
 n - 26 royal jellies
 v - 6 chunks of flesh


   Skills:
 * Level 14.3 Fighting
 * Level 13.3 Maces & Flails
 + Level 8.7 Throwing
 * Level 12.4 Dodging
 + Level 7.3 Evocations


You had 9 spell levels left.
You didn't know any spells.

Dungeon Overview and Level Annotations

Branches:
Dungeon (1/1)

Altars:
Cheibriados
Dithmenos
Elyvilon
Fedhas
Gozag
Hepliaklqana
Kikubaaqudgha
Makhleb
Nemelex Xobeh
Okawaru
Qazlal
Ru
Sif Muna
Trog
Uskayaw
Vehumet
Wu Jian
Xom
Yredelemnul
Zin
The Shining One
Beogh
Jiyva
Lugonu

Annotations:
D exclusion: 2 doors


Innate Abilities, Weirdness & Mutations

You can breathe blasts of scalding, opaque steam.
Your pale cyan-grey scales are hard. (AC +7)
You cannot fit into any form of body armour.
You are cold-blooded and may be slowed by cold attacks.
You have sharp toenails.
You are somewhat resistant to further mutation.


Message History

The tyrant leech is heavily wounded.
A red film seems to cover your vision as you go berserk!
You feel yourself moving faster!
You feel mighty!
You are feeling very hungry.
The tyrant leech bites you!!
* * * LOW HITPOINT WARNING * * *
The tyrant leech draws strength from your injuries!
You bludgeon the tyrant leech!! Your kick misses the tyrant leech.
You tail-slap the tyrant leech!
The tyrant leech is almost dead.
The tyrant leech bites you!!
* * * LOW HITPOINT WARNING * * *
The tyrant leech draws strength from your injuries!
You miss the tyrant leech. Your kick misses the tyrant leech.
The tyrant leech is almost dead.
You miss the tyrant leech. You claw the tyrant leech.
Your tail-slap misses the tyrant leech.
The tyrant leech is almost dead.
The tyrant leech bites you!
You die...

..####...#...######'#
..###....#.⌠.#__#...#+###########
..##.....#...#__#...#..≈≈≈§.#.'..
.÷#......#+###__#...#)#§≈§#.#.#..
##.#.....#.).#__#...§.#§§§#.#.#.)
#####....#___#__+...#.#§§.#...#..
▓ ▓▓▓▓▓▓▓▓▓▓▓▓▓▓▓▓▓▓▓▓▓▓▓▓▓▓▓▓▓
♣♣)≈≈........≈≈≈..
+♣♣@♣≈≈≈≈≈≈≈≈≈≈≈≈♣♣.
#.w♣♣♣♣♣♣♣♣♣♣♣♣♣♣♣♣P #..♣♣ ♣♣
###'♣ ♣♣♣♣.# ♣...## ♣♣.## ♣w.#
♣♣.#


You could see a tyrant leech.

Vanquished Creatures
  Josephine (D)
  A centaur warrior (D)
  A deep elf mage (D)
  3 wandering mushrooms (D)
  A queen bee (D)
  A tyrant leech (D)
  A shadow (D)
  A redback (D)
  A spatial vortex (D)
  A necrophage (D)
  2 centaurs (D)
  An earth elemental (D)
  A water elemental (D)
  A scorpion (D)
  26 killer bees (D)
  A jelly (D)
  A wizard (D)
  A necromancer (D)
  3 humans (D)
  A kobold demonologist (D)
  4 rats (D)
  2 ballistomycetes (D)
  A ballistomycete spore (D)
57 creatures vanquished.

Vanquished Creatures (collateral kills)
  An unseen horror (D)
  2 spiny frogs (D)
  A komodo dragon (D)
  6 killer bees (D)
10 creatures vanquished.

Vanquished Creatures (others)
  2 draconian scorchers (D)
  2 hydras (D)
  6 hellions (D)
  2 yaktaurs (D)
  A plant (D)
13 creatures vanquished.

Grand Total: 80 creatures vanquished

Notes
Turn   | Place    | Note
-------+----------+-------------------------------------------
     0 | D        | Kidiri the Draconian Berserker began the quest for the Orb.
     0 | D        | Reached XP level 1. HP: 19/19 MP: 1/1
    45 | D        | Reached ** piety under Trog
    73 | D        | Reached skill level 4 in Fighting
    73 | D        | Reached skill level 1 in Throwing
    73 | D        | Reached XP level 2. HP: 19/28 MP: 2/2
   116 | D        | Killed a white draconian scorcher
   123 | D        | Killed a hellion
   125 | D        | Killed a hellion
   135 | D        | Killed a hellion
   136 | D        | Killed a hellion
   136 | D        | Killed a hellion
   151 | D        | Killed a white draconian scorcher
   159 | D        | Killed a hellion
   227 | D        | Noticed a scorpion
   236 | D        | Killed a scorpion
   236 | D        | Reached skill level 5 in Fighting
   236 | D        | Reached skill level 5 in Maces & Flails
   236 | D        | Reached XP level 3. HP: 14/36 MP: 3/3
   236 | D        | Reached XP level 4. HP: 17/42 MP: 4/4
   253 | D        | HP: 2/42 [poisoned by a scorpion]
   258 | D        | HP: 1/42 [poisoned by a scorpion]
   276 | D        | Gained mutation: Scrolls take you a little longer to read. [potion of mutation]
   276 | D        | Gained mutation: You have a pair of small antennae on your head. [potion of mutation]
   276 | D        | Gained mutation: Your spells are a little harder to cast, but a little more powerful. [potion of mutation]
   277 | D        | Lost mutation: You have a pair of small antennae on your head. [potion of mutation]
   277 | D        | Lost mutation: Scrolls take you a little longer to read. [potion of mutation]
   277 | D        | Gained mutation: Your body sometimes deteriorates upon taking damage. [potion of mutation]
   277 | D        | Gained mutation: You have an increased reservoir of magic. (+10% MP) [potion of mutation]
   278 | D        | Lost mutation: Your spells are a little harder to cast, but a little more powerful. [potion of mutation]
   278 | D        | Lost mutation: You have an increased reservoir of magic. (+10% MP) [potion of mutation]
   278 | D        | Gained mutation: Your spells are a little easier to cast, but a little less powerful. [potion of mutation]
   278 | D        | Lost mutation: Your spells are a little easier to cast, but a little less powerful. [potion of mutation]
   278 | D        | Gained mutation: Your spells are a little harder to cast, but a little more powerful. [potion of mutation]
   279 | D        | Lost mutation: Your body sometimes deteriorates upon taking damage. [potion of mutation]
   279 | D        | Lost mutation: Your spells are a little harder to cast, but a little more powerful. [potion of mutation]
   279 | D        | Gained mutation: You have sharp toenails. [potion of mutation]
   279 | D        | Gained mutation: You are somewhat resistant to further mutation. [potion of mutation]
   285 | D        | Killed a yaktaur
   559 | D        | Noticed a water elemental
   564 | D        | Killed a water elemental
   564 | D        | Reached *** piety under Trog
   564 | D        | Reached skill level 6 in Fighting
   564 | D        | Reached skill level 5 in Dodging
   612 | D        | Found a radiant altar of Vehumet.
   613 | D        | Found a deep blue altar of Sif Muna.
   613 | D        | Found an ancient bone altar of Kikubaaqudgha.
   613 | D        | Noticed a wizard
   615 | D        | Killed a wizard
   615 | D        | Reached **** piety under Trog
   615 | D        | Reached XP level 5. HP: 51/51 MP: 5/5
   617 | D        | Reached skill level 7 in Fighting
   672 | D        | Found a glowing silver altar of Zin.
   673 | D        | Found a glowing golden altar of the Shining One.
   673 | D        | Found a white marble altar of Elyvilon.
   673 | D        | Noticed a deep elf mage
   676 | D        | Killed a deep elf mage
   676 | D        | Reached skill level 9 in Fighting
   676 | D        | Reached skill level 5 in Throwing
   676 | D        | Reached XP level 6. HP: 53/64 MP: 6/6
   676 | D        | Your scales start taking on a pale cyan-grey colour.
   676 | D        | Reached XP level 7. HP: 58/70 MP: 7/7
   807 | D        | Found an ornate altar of the Wu Jian Council.
   807 | D        | Found a roughly hewn altar of Beogh.
   807 | D        | Found an iron altar of Okawaru.
   807 | D        | Found a bloodstained altar of Trog.
   807 | D        | Found a hide-covered altar of Uskayaw.
   807 | D        | Noticed a human
   807 | D        | Noticed a human
   811 | D        | Killed a human
   811 | D        | Reached ***** piety under Trog
   811 | D        | Reached skill level 10 in Fighting
   818 | D        | Killed a human
   885 | D        | Found a basalt altar of Yredelemnul.
   885 | D        | Found a shadowy altar of Dithmenos.
   885 | D        | Found a sacrificial altar of Ru.
   905 | D        | Noticed a shadow
   909 | D        | Killed a shadow
   909 | D        | Reached skill level 10 in Maces & Flails
   909 | D        | Reached skill level 1 in Evocations
   909 | D        | Reached XP level 8. HP: 81/81 MP: 8/8
   910 | D        | Received a gift from Trog
   951 | D        | Found a blossoming altar of Fedhas.
   951 | D        | Found a stormy altar of Qazlal.
   951 | D        | Found a snail-covered altar of Cheibriados.
   951 | D        | Found a burning altar of Makhleb.
   951 | D        | Found a shimmering altar of Xom.
   952 | D        | Found a hazy altar of Hepliaklqana.
   952 | D        | Found an opulent altar of Gozag.
   952 | D        | Found a sparkling altar of Nemelex Xobeh.
   952 | D        | Found a corrupted altar of Lugonu.
   952 | D        | Found a viscous altar of Jiyva.
   961 | D        | Reached skill level 11 in Fighting
  1038 | D        | Noticed Josephine
  1050 | D        | Killed Josephine
  1050 | D        | Reached skill level 12 in Fighting
  1050 | D        | Reached skill level 10 in Dodging
  1050 | D        | Reached XP level 9. HP: 90/90 MP: 9/11
  1167 | D        | Noticed a centaur warrior
  1174 | D        | Killed a centaur warrior
  1174 | D        | Reached skill level 5 in Evocations
  1176 | D        | Reached ****** piety under Trog
  1183 | D        | Received a gift from Trog
  1194 | D        | Killed a yaktaur
  1245 | D        | Killed an unseen horror
  1245 | D        | Reached skill level 13 in Fighting
  1372 | D        | Noticed a queen bee
  1373 | D        | Received a gift from Trog
  1376 | D        | Received a gift from Trog
  1389 | D        | Reached XP level 10. HP: 101/101 MP: 14/14
  1391 | D        | Received a gift from Trog
  1413 | D        | Received a gift from Trog
  1415 | D        | Received a gift from Trog
  1439 | D        | Received a gift from Trog
  1585 | D        | Received a gift from Trog
  1585 | D        | Reached skill level 14 in Fighting
  1592 | D        | Killed a four-headed hydra
  1598 | D        | Killed a five-headed hydra
  1793 | D        | Noticed a spiny frog
  1793 | D        | Noticed a spiny frog
  1795 | D        | Killed a spiny frog
  1795 | D        | Received a gift from Trog
  1798 | D        | Killed a spiny frog
  1913 | D        | Slain by a tyrant leech

Vault maps used:
D:        dungeon_sprint_mu

Skill      XL: |  1  2  3  4  5  6  7  8  9 10 |
---------------+-------------------------------+-----
Dodging        | 3 4 5 8 9 10 11 12 | 12.4
Fighting       | 4 5 6 9 10 12 13 14 | 14.3
Maces & Flails | 4 5 6 8 10 11 12 13 | 13.3
Throwing       | 1 2 3 5 6 7 8 |  8.7
Evocations     | 1 3 5 7 |  7.3

Action                   |  1- 3 |  4- 6 |  7- 9 | 10-12 || total
-------------------------+-------+-------+-------+-------++-------
Melee: Mace              |    30 |     7 |    63 |    18 ||   118
       Tailslap          |     1 |     1 |     7 |     5 ||    14
       Kick              |       |     2 |    21 |    20 ||    43
       Morningstar       |       |       |       |    43 ||    43
Throw: Javelin           |       |       |     1 |    11 ||    12
Invok: Berserk           |     2 |     3 |     6 |     2 ||    13
       Burn Spellbooks   |       |     1 |       |       ||     1
       Brothers in Arms  |       |       |     1 |     3 ||     4
 Abil: Breathe Steam     |       |       |     4 |     1 ||     5
  Use: Potion            |       |     4 |       |     1 ||     5
 Stab: Sleeping          |     1 |       |       |       ||     1
  Eat: Royal jelly       |       |     1 |       |     2 ||     3
       Chunk             |       |     1 |     9 |       ||    10
Armor: Skin              |     4 |       |    11 |     6 ||    21
Dodge: Dodged            |     9 |     7 |    49 |    79 ||   144

Table legend:
 A = Spawn XP
 B = Non-spawn XP
 C = Spawn XP percentage of total XP
 D = Spawn monster count
 E = Non-spawn monster count
 F = Spawn count percentage of total count
 G = Total turns spent on level
                    A         B        C        D         E        F      G
               +---------+---------+-------+---------+---------+-------+---------
         Total |       0 |    9001 |   0.0 |       0 |      64 |   0.0 |  1913
               +---------+---------+-------+---------+---------+-------+---------
             D |       0 |    9001 |   0.0 |       0 |      64 |   0.0 |  1913
               +---------+---------+-------+---------+---------+-------+---------
